 Dungeon Crawl Stone Soup version 0.28-a0-1130-gc51a68064b (webtiles) character file.

Game seed: 10046253620176036807

9 SensoryNuts the Slasher (level 2, -2/25 HPs)
             Began as a Minotaur Gladiator on Dec 12, 2021.
             Slain by a frilled lizard (3 damage)
             ... on level 1 of the Dungeon.
             The game lasted 00:00:11 (55 turns).

SensoryNuts the Slasher (Minotaur Gladiator)          Turns: 55, Time: 00:00:11

Health: -2/25      AC:  3    Str: 18    XL:     2   Next: 3%
Magic:  1/1        EV: 12    Int:  5    God:
Gold:   0          SH:  0    Dex: 11    Spells: 1/1 levels left

rFire   . . .      SeeInvis .   a - +0 long sword
rCold   . . .      Faith    .   (no shield)
rNeg    . . .      Spirit   .   b - +0 leather armour
rPois   .          Reflect  .   c - +0 hat
rElec   .          Harm     .   (no cloak)
rCorr   .          Rampage  .   (no gloves)
Will    .....                   (no boots)
Stlth   +.........              (no amulet)
HPRegen 0.08/turn               (no ring)
MPRegen 0.07/turn               (no ring)

@: no status effects
A: horns 2, retaliatory headbutt
a: no special abilities


You were on level 1 of the Dungeon.
You visited 1 branch of the dungeon, and saw 1 of its levels.

Inventory:

Hand Weapons
 a - a +0 long sword (weapon)
Missiles
 d - 3 throwing nets (quivered)
Armour
 b - a +0 leather armour (worn)
 c - a +0 hat (worn)


   Skills:
 + Level 2.8 Fighting
 + Level 3.8 Long Blades
 + Level 2.0 Throwing
 + Level 3.5 Dodging


You had one spell level left.
You didn't know any spells.
Your spell library was empty.

Dungeon Overview and Level Annotations

Branches:
Dungeon (1/15)

Altars:


Innate Abilities, Weirdness & Mutations

You have a pair of horns on your head.
You reflexively headbutt those who attack you in melee.


Message History

a +0 short sword; 3 stones; a dart slug corpse You completely miss the hobgoblin.
The hobgoblin is severely wounded.
The hobgoblin hits you.
* * * LOW HITPOINT WARNING * * *
You hit the hobgoblin.
You kill the hobgoblin!
A rat comes into view.
The bat hits you.
* * * LOW HITPOINT WARNING * * *
You are too injured to fight recklessly!
You are too injured to fight recklessly!
You are too injured to fight recklessly!
You are too injured to fight recklessly!
You are too injured to fight recklessly!
You are too injured to fight recklessly!
You are too injured to fight recklessly!
Unknown command.
You closely miss the bat. The bat closely misses you. You furiously retaliate!
You headbutt the bat.
A frilled lizard comes into view.
The bat hits you but does no damage.
The frilled lizard hisses angrily.
You hit the bat but do no damage. Your headbutt misses the bat.
The bat hits you but does no damage. The rat closely misses you.
You furiously retaliate!
You headbutt the rat. You slash the rat!
You kill the rat!
The bat barely misses you. You furiously retaliate!
You headbutt the bat!
You kill the bat!
You have reached level 2!
You hit the frilled lizard but do no damage.
Your headbutt misses the frilled lizard.
The frilled lizard bites you.
* * * LOW HITPOINT WARNING * * *
You miss the frilled lizard.
Your headbutt misses the frilled lizard.
The frilled lizard bites you but does no damage.
The frilled lizard bites you.
You die...

..# #....
#..##...
.....># ..#..#
#.#..# #.#..#
#..).# ##....#
#..#@.#
###..#)l#
#..>.#....
#.#.#.#......
###'###..$....#
#Q#.#.#...^...#
###.###.(.....#
#O#.#K#.......#
###.###


You could see a frilled lizard.

Vanquished Creatures
  A dart slug (D:1)
  2 goblins (D:1)
  A hobgoblin (D:1)
  A kobold (D:1)
  A bat (D:1)
  A rat (D:1)
7 creatures vanquished.

Notes
Turn   | Place    | Note
-------+----------+-------------------------------------------
     0 | D:1      | SensoryNuts the Minotaur Gladiator began the quest for the
                  | Orb.
     0 | D:1      | Reached XP level 1. HP: 18/18 MP: 0/0
     2 | D:1      | Noticed a vampire
     4 | D:1      | Noticed a demigod
     4 | D:1      | Noticed a demonspawn
     6 | D:1      | Noticed a formicid
     8 | D:1      | Noticed a ghoul
     8 | D:1      | Noticed a human
    10 | D:1      | Noticed a draconian
    12 | D:1      | Noticed an octopode
    12 | D:1      | Noticed an elf
    14 | D:1      | Noticed a gargoyle
    14 | D:1      | Noticed a spriggan
    16 | D:1      | Noticed a merfolk
    16 | D:1      | Noticed a felid
    18 | D:1      | Noticed a dwarf
    18 | D:1      | Noticed a minotaur
    20 | D:1      | Noticed a naga
    20 | D:1      | Noticed a troll
    22 | D:1      | Noticed a vine stalker
    24 | D:1      | Noticed an ogre
    26 | D:1      | Noticed a tengu
    54 | D:1      | Reached XP level 2. HP: 3/25 MP: 1/1
    54 | D:1      | HP: 1/25 [frilled lizard (2)]
    55 | D:1      | Slain by a frilled lizard

Illustrated notes

Levels and vault maps discovered:
D:1:      kb_arrival_jail, layout_rooms, serial_shops, shop,
          hellmonk_ecumenical_altar_dog_temple, hex_intersection

Action                   || total
-------------------------++-------
Melee: Long sword        ||    15
       Headbutt          ||     1
Armor: Leather armour    ||     4
Dodge: Dodged            ||    13

Table legend: (Time is in decaauts)
 A = Elapsed time spent in this place.
 B = Non-inter-level travel time spent in this place.
 C = Inter-level travel time spent in this place.
 D = Time resting spent in this place.
 E = Time spent auto-exploring this place.
 F = Levels seen in this place.
 G = Mean time per level.
                   A        B        C        D        E       F      G
               +--------+--------+--------+--------+--------+-----+--------+
         Total |     58 |     58 |      0 |      0 |     33 |   1 |   58.0 |
       Dungeon |     58 |     58 |      0 |      0 |     33 |   1 |   58.0 |
               +--------+--------+--------+--------+--------+-----+--------+

Top non-repeatable levels by time:
     D:1: 58 daAuts
